[Event "Titled Tuesday Blitz November 22 Late 2022"]
[White "Javakhadze, Zurab"]
[Black "Klenburg, Michael"]
[WhiteFideId "13603647"]
[BlackFideId "14102072"]
[WhiteElo "2381"]
[BlackElo "2405"]
[Result "1-0"]
[Round "09"]
[TimeControl "180+1"]
[Date "2022.11.22"]
[WhiteClock "0:00:05"]
[BlackClock "0:00:11"]

1. d4 d6 2. Nf3 Nf6 3. c4 Nbd7 4. Nc3 e5 5. Bg5 Be7 6. e3 c6 7. Qc2 Ng4 8. Bxe7 Qxe7 9. O-O-O O-O 10. h3 Ngf6 11. g4 a6 12. dxe5 Nxe5 13. Nd4 g6 14. Be2 b5 15. g5 Ne8 16. h4 bxc4 17. h5 c5 18. Nd5 Qb7 19. Nf3 Bf5 20. e4 Nd3+ 21. Bxd3 cxd3 22. Qxd3 Rb8 23. Rd2 Be6 24. Qc3 Bxd5 25. exd5 Qb4 26. Rh4 Qxc3+ 27. bxc3 Nc7 28. Rd1 Rfe8 29. c4 Rb4 30. Nd2 a5 31. hxg6 fxg6 32. Rdh1 Re7 33. R1h3 a4 34. a3 Rb8 35. Ne4 Rxe4 36. Rxe4 Rf8 37. Re7 Rf7 38. Rxf7 Kxf7 39. Rxh7+ 1-0


[Site "https://www.chess.com"]

[Event "Titled Tuesday Blitz November 22 Late 2022"]
[White "Jobava, Baadur"]
[Black "Andreikin, Dmitry"]
[WhiteFideId "13601520"]
[BlackFideId "4158814"]
[WhiteElo "2582"]
[BlackElo "2736"]
[Result "1-0"]
[Round "09"]
[TimeControl "180+1"]
[Date "2022.11.22"]
[WhiteClock "0:00:14"]
[BlackClock "0:00:04"]

1. d4 Nf6 2. c4 e6 3. Nc3 Bb4 4. e3 O-O 5. Bd3 c5 6. Nf3 d5 7. O-O dxc4 8. Bxc4 Nc6 9. dxc5 Qa5 10. Bd2 Rd8 11. Qe2 Qxc5 12. Rac1 Qh5 13. Rfd1 e5 14. Be1 Rxd1 15. Rxd1 Bf5 16. a3 Bxc3 17. Bxc3 e4 18. Ne5 Qxe2 19. Bxe2 Nxe5 20. Bxe5 Nd7 21. Bd4 Rc8 22. Bxa7 Ne5 23. Bd4 Nd3 24. Bc3 f6 25. Bxd3 exd3 26. f3 Rd8 27. Kf2 Be6 28. e4 Bb3 29. Rd2 Kf7 30. g4 g6 31. Ke3 Bc2 32. Rg2 Ke6 33. Kd2 Re8 34. h4 f5 35. exf5+ gxf5 36. g5 f4 37. h5 Kf5 38. g6 hxg6 39. h6 Re7 40. Bg7 1-0


[Site "https://www.chess.com"]

[Event "Titled Tuesday Blitz November 22 Late 2022"]
[White "Kamsky, Gata"]
[Black "Naroditsky, Daniel"]
[WhiteFideId "2000024"]
[BlackFideId "2026961"]
[WhiteElo "2666"]
[BlackElo "2628"]
[Result "1/2-1/2"]
[Round "09"]
[TimeControl "180+1"]
[Date "2022.11.22"]
[WhiteClock "0:00:02"]
[BlackClock "0:00:05"]

1. e4 c5 2. Nf3 Nf6 3. e5 Nd5 4. d4 cxd4 5. Qxd4 e6 6. g3 Nc6 7. Qe4 f5 8. exf6 Nxf6 9. Qe2 Be7 10. Bg2 O-O 11. O-O d6 12. c4 e5 13. Nc3 Bg4 14. Qd3 Qd7 15. Bg5 e4 16. Nxe4 Nxe4 17. Bxe7 Qxe7 18. Rae1 Nc5 19. Qd5+ Qf7 20. Ng5 Qxd5 21. Bxd5+ Kh8 22. Nf7+ Rxf7 23. Bxf7 Bh3 24. Rd1 Bxf1 25. Kxf1 Ne5 26. Bd5 a5 27. b3 g5 28. h3 Rf8 29. Ke2 Kg7 30. Rd4 b6 31. f4 gxf4 32. gxf4 Ng6 33. Kf3 Nh4+ 34. Kf2 Nf5 35. Rd1 Re8 36. Bf3 Kf6 37. Bg4 Ne4+ 38. Kg1 Ne3 39. Rd4 Nxg4 40. hxg4 Re6 41. a3 Ng3 42. Kf2 Ne2 43. Rd5 Nc3 44. Rh5 Kg7 45. b4 axb4 46. axb4 Re4 47. c5 bxc5 48. bxc5 d5 49. Kf3 Rc4 50. Re5 Rxc5 51. Re7+ Kg8 52. Rd7 Rc4 53. g5 Rd4 54. f5 Rd1 55. f6 Rf1+ 56. Kg4 Ne4 57. Rxd5 Rxf6 58. Re5 Nf2+ 59. Kg3 Rf7 60. Re6 Kg7 61. Re3 Rf5 62. Kh4 Rf4+ 63. Kg3 Rf5 64. Kh4 Nd1 65. Re7+ Rf7 66. Re6 Nc3 67. Kh5 Nd5 68. Rd6 Nf4+ 69. Kg4 Ng6 70. Ra6 Rf4+ 71. Kg3 Re4 72. Ra7+ Re7 73. Ra6 Nf8 74. Kg4 Ne6 75. Kf5 Nd4+ 76. Kg4 Re4+ 77. Kg3 Nf5+ 78. Kf3 Rb4 79. Rf6 Nh4+ 80. Kg3 Ng6 81. Ra6 Rd4 82. Rb6 Kf7 83. Rf6+ Ke7 84. Ra6 Rd5 85. Kg4 Rd6 86. Ra7+ Rd7 87. Ra6 Rc7 88. Kh5 Rc4 89. Kh6 Rh4+ 90. Kg7 Ne5 91. Rh6 Rg4 92. Rh5 Ke6 93. Kxh7 Nf7 94. Kg6 Ne5+ 95. Kg7 Nc6 96. g6 Ne7 97. Ra5 Rxg6+ 98. Kh7 Rg1 99. Ra6+ Kf7 100. Kh6 Nd5 101. Kh5 Ne3 102. Kh4 Rg8 103. Kh3 Nf5 104. Kh2 Nd4 105. Kh3 Ne6 106. Ra4 Kf6 107. Rg4 Re8 108. Kg3 Rd8 109. Ra4 Kf5 110. Kf3 Rd3+ 111. Ke2 Rh3 112. Kd2 Nc5 113. Ra5 Rd3+ 114. Kc2 Rd5 115. Kc3 Ke5 116. Kc4 Kd6 117. Ra1 Rg5 118. Rd1+ Kc6 119. Rh1 Rg4+ 120. Kc3 Ne4+ 121. Kc2 Rg2+ 122. Kb3 Kb5 123. Rh5+ Nc5+ 124. Kc3 Kc6 125. Kc4 Rg4+ 126. Kc3 Kb5 127. Rf5 Rg3+ 128. Kd4 Rd3+ 129. Ke5 Kc6 130. Rf6+ Kc7 131. Rf5 Rd1 132. Rh5 Kc6 133. Rh6+ Kb5 134. Rh8 Kc4 135. Rh4+ Kc3 136. Rh3+ Kb4 137. Rh4+ Kb5 138. Rh5 Rg1 139. Kd6 Rg6+ 140. Kd5 Rg8 141. Rh1 Nb3 142. Rh4 Rg3 143. Ke5 Kc5 144. Rh8 Nd4 145. Rc8+ Nc6+ 146. Ke4 Rg5 147. Kf4 Rd5 1/2-1/2


[Site "https://www.chess.com"]

[Event "Titled Tuesday Blitz November 22 Late 2022"]
[White "Khandelwal, Ankush"]
[Black "Filgueira, Hernan"]
[WhiteFideId "413470"]
[BlackFideId "101770"]
[WhiteElo "2271"]
[BlackElo "2363"]
[Result "1-0"]
[Round "09"]
[TimeControl "180+1"]
[Date "2022.11.23"]
[WhiteClock "0:00:18"]
[BlackClock "0:00:06"]

1. e4 d5 2. exd5 Qxd5 3. Nc3 Qa5 4. d4 Nf6 5. Nf3 Bf5 6. Bc4 e6 7. Bd2 Bb4 8. a3 Bxc3 9. Bxc3 Qb6 10. Qe2 O-O 11. O-O-O Nc6 12. Rhg1 Nd5 13. g4 Nxc3 14. bxc3 Bg6 15. h4 Na5 16. Ba2 Qd6 17. Kb2 Qf4 18. Nd2 h6 19. Rg3 c5 20. h5 Bh7 21. dxc5 Rfd8 22. Nf3 Rxd1 23. Qxd1 Nc4+ 24. Bxc4 Qxc4 25. Qd4 Qb5+ 26. Qb4 Qe2 27. Nd4 Qxf2 28. Rf3 Qg2 29. Qxb7 Rf8 30. Rxf7 Rxf7 31. Qxg2 1-0


[Site "https://www.chess.com"]

[Event "Titled Tuesday Blitz November 22 Late 2022"]
[White "Kirillov, Dmitry"]
[Black "Torres Boch, Jose Francisco"]
[WhiteFideId "34180572"]
[BlackFideId "2278383"]
[WhiteElo "2095"]
[BlackElo "2073"]
[Result "0-1"]
[Round "09"]
[TimeControl "180+1"]
[Date "2022.11.23"]
[WhiteClock "0:00:02"]
[BlackClock "0:00:12"]

1. e4 c5 2. Nc3 d6 3. f4 Nc6 4. Nf3 g6 5. Bc4 Bg7 6. d3 e6 7. O-O Nge7 8. Qe1 O-O 9. f5 gxf5 10. Qh4 Ng6 11. Qxd8 Rxd8 12. Bg5 Re8 13. Nb5 fxe4 14. dxe4 Bxb2 15. Rab1 Bd4+ 16. Nfxd4 Nxd4 17. Nc7 Bd7 18. Nxa8 Rxa8 19. Rxb7 Nf8 20. Bh6 Be8 21. c3 Nc6 22. Bb3 Na5 23. Re7 c4 24. Bd1 Nc6 25. Rc7 Ne5 26. Bf4 Nfg6 27. Be3 a5 28. g3 Bc6 29. Bc2 Kg7 30. h4 h5 31. Bd4 Kg8 32. Rb1 Kh7 33. Rb6 Be8 34. Rbb7 Kg7 35. Kg2 a4 36. a3 Ra5 37. Bd1 Kh6 38. Kg1 Bc6 39. Rc8 Bxb7 40. Rc7 Bxe4 41. Be3+ Kg7 42. Bxh5 Rb5 43. Kf2 Rb2+ 44. Ke1 Nd3+ 45. Kd1 Nge5 46. Be2 Rb3 47. Bd4 Rxa3 48. h5 Kh6 49. Ra7 Bf3 50. Be3+ Kxh5 51. Bxf3+ Nxf3 52. Rxf7 Nfe5 53. Rh7+ Kg4 54. Rg7+ Kf3 55. Bd4 Ra2 56. Rg8 Ke4 57. Rf8 a3 58. Ra8 Nf3 59. g4 Rd2# 0-1


[Site "https://www.chess.com"]

[Event "Titled Tuesday Blitz November 22 Late 2022"]
[White "Kopylov, Alexander A."]
[Black "Manelyuk, Daniil"]
[WhiteFideId "4164857"]
[BlackFideId "44173920"]
[WhiteElo "2436"]
[BlackElo "2209"]
[Result "1-0"]
[Round "09"]
[TimeControl "180+1"]
[Date "2022.11.22"]
[WhiteClock "0:01:06"]
[BlackClock "0:00:02"]

1. e4 e6 2. d4 d5 3. Nd2 Be7 4. Bd3 Nf6 5. e5 Nfd7 6. Ne2 c5 7. c3 Nc6 8. O-O cxd4 9. cxd4 O-O 10. f4 f5 11. a3 a5 12. h3 b6 13. g4 fxg4 14. hxg4 Ba6 15. Nf3 Bxd3 16. Qxd3 Qc8 17. Nc3 Qa6 18. Qb5 Rfc8 19. f5 Qxb5 20. Nxb5 Nf8 21. Bg5 Bxg5 22. Nxg5 Na7 23. Nd6 Rc2 24. fxe6 Nc6 25. Rac1 Rxc1 26. Rxc1 Nxd4 27. Nf5 Ne2+ 28. Kf2 Nxc1 29. Ne7+ Kh8 30. Nf7# 1-0


[Site "https://www.chess.com"]

[Event "Titled Tuesday Blitz November 22 Late 2022"]
[White "Koutlas, Nikolaos"]
[Black "Cardoso Cardoso, Jose Gabriel"]
[WhiteFideId "25827138"]
[BlackFideId "4430492"]
[WhiteElo "2167"]
[BlackElo "2484"]
[Result "0-1"]
[Round "09"]
[TimeControl "180+1"]
[Date "2022.11.22"]
[WhiteClock "0:00:04"]
[BlackClock "0:00:07"]

1. c4 c6 2. Nf3 d5 3. e3 Nf6 4. Nc3 e6 5. b3 Nbd7 6. d4 Bd6 7. Be2 O-O 8. O-O b6 9. Bb2 Bb7 10. Rc1 Qe7 11. Qc2 Rac8 12. Qb1 c5 13. cxd5 exd5 14. Rfd1 Rfe8 15. Bf1 a6 16. g3 c4 17. Bg2 b5 18. bxc4 dxc4 19. a3 Bxa3 20. Bxa3 Qxa3 21. d5 b4 22. Na2 a5 23. Nd4 Rc5 24. e4 c3 25. Nxc3 Rxc3 26. Nb5 Rxc1 27. Rxc1 Qa4 28. Nd6 Rb8 29. Nxb7 Rxb7 30. e5 Ne8 31. Rc8 Nb6 32. Rd8 Rc7 33. d6 Rc8 34. Rxc8 Nxc8 35. Bh3 Ncxd6 36. exd6 Nxd6 37. Qd3 Qa1+ 38. Kg2 Qe5 39. Bg4 Qe4+ 40. Qxe4 Nxe4 41. Bf3 Nc3 42. Bc6 b3 43. Kf3 b2 0-1


[Site "https://www.chess.com"]

[Event "Titled Tuesday Blitz November 22 Late 2022"]
[White "Kovacevic, Radmila"]
[Black "Prydun, Andriy"]
[WhiteFideId "933171"]
[BlackFideId "14145898"]
[WhiteElo "2208"]
[BlackElo "2163"]
[Result "1-0"]
[Round "09"]
[TimeControl "180+1"]
[Date "2022.11.23"]
[WhiteClock "0:00:22"]
[BlackClock "0:00:01"]

1. e4 c6 2. d4 d5 3. e5 Bf5 4. c3 e6 5. Be3 Ne7 6. b4 Nd7 7. Nd2 Bg6 8. g4 h5 9. f3 a6 10. Nh3 hxg4 11. fxg4 f6 12. Nf4 Bf7 13. exf6 gxf6 14. Qf3 e5 15. Ne2 a5 16. b5 cxb5 17. g5 fxg5 18. Bxg5 e4 19. Qf4 Qb8 20. Qe3 Nf5 21. Qf2 Nd6 22. h4 Qc7 23. Rh3 Ra6 24. Nf4 Rc6 25. Rc1 b4 26. c4 dxc4 27. d5 Rc5 28. Qd4 Rg8 29. Nxe4 Nf5 30. Nf6+ Nxf6 31. Qxf6 Qe7+ 32. Kf2 Qxf6 33. Bxf6 b5 34. Re1+ Kd7 35. Rf3 Be7 36. Be5 Nxh4 37. Bh3+ Kd8 38. Rfe3 Ng6 39. Ne6+ 1-0


[Site "https://www.chess.com"]

[Event "Titled Tuesday Blitz November 22 Late 2022"]
[White "Lashkin, Jegor"]
[Black "Mgeladze, Tamaz"]
[WhiteFideId "13907808"]
[BlackFideId "13601202"]
[WhiteElo "2368"]
[BlackElo "2288"]
[Result "1-0"]
[Round "09"]
[TimeControl "180+1"]
[Date "2022.11.22"]
[WhiteClock "0:00:53"]
[BlackClock "0:01:11"]

1. d4 Nf6 2. c4 e5 3. dxe5 Ng4 4. Bf4 Bb4+ 5. Nd2 Nc6 6. Nf3 Qe7 7. e3 Ngxe5 8. Nxe5 Nxe5 9. Be2 O-O 10. O-O a5 11. Nb3 a4 12. Nd4 a3 13. b3 d6 14. Qc2 b6 15. Rad1 Bb7 16. Bg3 Rfe8 17. e4 Bc5 18. Nb5 h5 19. Bxh5 Nc6 20. Rfe1 Nb4 21. Qd2 c6 22. Bxd6 Bxd6 23. Nxd6 c5 24. Bxf7+ Kf8 25. Bxe8 Rxe8 26. Qf4+ Qf6 27. Qxf6+ gxf6 28. Nxe8 Kxe8 29. Rd6 Bc6 30. Rxf6 Ke7 31. e5 Kd7 32. h4 Kc7 33. h5 Nxa2 34. Ra1 1-0


[Site "https://www.chess.com"]

[Event "Titled Tuesday Blitz November 22 Late 2022"]
[White "Liu, Kelsey"]
[Black "Ai, Evan"]
[WhiteFideId "30944481"]
[BlackFideId "2094770"]
[WhiteElo "2287"]
[BlackElo "1963"]
[Result "1/2-1/2"]
[Round "09"]
[TimeControl "180+1"]
[Date "2022.11.23"]
[WhiteClock "0:00:05"]
[BlackClock "0:00:09"]

1. e4 e5 2. Nf3 Nc6 3. Bb5 a6 4. Ba4 Nf6 5. O-O b5 6. Bb3 Be7 7. Qe2 O-O 8. c3 d6 9. Rd1 Na5 10. Bc2 c5 11. d4 Qc7 12. d5 Bd7 13. b3 c4 14. b4 Nb7 15. a4 a5 16. axb5 axb4 17. Rxa8 Rxa8 18. cxb4 Bxb5 19. Na3 Ba4 20. Nxc4 Bxc2 21. Qxc2 Rc8 22. Nfd2 Nd7 23. Qa4 Bg5 24. Ba3 Nb6 25. Nxb6 Qxb6 26. g3 Qd4 27. Qd7 Rd8 28. Qxb7 Bxd2 29. Bc1 Qxb4 30. Qe7 Qa5 31. Bxd2 Qb6 32. Be3 Qa5 33. Bd2 Qb6 34. Kg2 Rf8 35. Rc1 Qd4 36. Be3 Qxe4+ 37. Kg1 Qxd5 38. Rc7 Qe6 39. Qxe6 fxe6 40. Kg2 d5 41. Kf1 d4 42. Bd2 Re8 43. Ke2 Kf8 44. Bb4+ Kg8 45. Re7 Rxe7 46. Bxe7 Kf7 47. Bd6 Kf6 48. Kd3 Kf5 49. f3 h5 50. Bf8 g5 51. Be7 g4 52. fxg4+ Kxg4 53. Bd6 Kh3 54. Bxe5 Kxh2 55. Kxd4 Kh3 56. Ke4 h4 57. Kf3 hxg3 58. Bxg3 e5 59. Bxe5 1/2-1/2


[Site "https://www.chess.com"]

[Event "Titled Tuesday Blitz November 22 Late 2022"]
[White "Lopez Mulet, Inigo"]
[Black "Weetik, Vjacheslav"]
[WhiteFideId "22235620"]
[BlackFideId "4153472"]
[WhiteElo "2289"]
[BlackElo "2469"]
[Result "0-1"]
[Round "09"]
[TimeControl "180+1"]
[Date "2022.11.22"]
[WhiteClock "0:01:26"]
[BlackClock "0:00:56"]

1. d4 Nf6 2. c4 g6 3. f3 Bg7 4. e4 d6 5. Nc3 O-O 6. Be3 c5 7. d5 e6 8. Qd2 exd5 9. cxd5 a6 10. a4 Nbd7 11. h4 h5 12. Nh3 Rb8 13. Be2 Ne5 14. O-O Bxh3 15. gxh3 Nh7 16. Bf2 b5 17. f4 Nc4 18. Qc2 Bd4 19. axb5 Ne3 20. Qd3 Nxf1 21. Bxf1 Bxf2+ 22. Kxf2 Qxh4+ 23. Kf3 axb5 24. Nxb5 g5 25. f5 Nf6 26. Nxd6 Qf4+ 27. Kg2 Rxb2+ 28. Be2 Qxd6 0-1


[Site "https://www.chess.com"]

[Event "Titled Tuesday Blitz November 22 Late 2022"]
[White "Machidon, Cristi"]
[Black "Kaplan, Avi Harrison"]
[WhiteFideId "13904590"]
[BlackFideId "30934559"]
[WhiteElo "2333"]
[BlackElo "1983"]
[Result "1-0"]
[Round "09"]
[TimeControl "180+1"]
[Date "2022.11.23"]
[WhiteClock "0:00:17"]
[BlackClock "0:00:07"]

1. e4 c5 2. b4 cxb4 3. a3 e5 4. Nf3 Nc6 5. axb4 Bxb4 6. c3 Bc5 7. d4 exd4 8. cxd4 Bb4+ 9. Nbd2 Nf6 10. Bd3 d5 11. e5 Ne4 12. O-O Nxd2 13. Bxd2 Bxd2 14. Qxd2 O-O 15. Qf4 h6 16. Rfe1 Be6 17. h4 Rc8 18. Re3 Nb4 19. Rxa7 Qb6 20. Ra1 Nxd3 21. Rxd3 Rc2 22. Qe3 Qb2 23. Re1 Ra8 24. Rb3 Qa2 25. Rxb7 Qc4 26. Nd2 Qc6 27. Rbb1 Raa2 28. Rbd1 Qb6 29. Rf1 Qb2 30. Nb3 Rc3 31. Rd3 Rc2 32. Nc5 Bf5 33. Rb3 Qa1 34. Rxa1 Rxa1+ 35. Kh2 Rcc1 36. g4 Bxg4 37. Qd3 g6 38. Rb8+ Kg7 39. e6 fxe6 40. Rb7+ Kf6 41. Qe3 Rh1+ 42. Kg3 Rh3+ 43. Kf4 Rxe3 44. Kxe3 Bf5 45. Nd7+ Kg7 46. Ne5+ Kh8 47. Rf7 Ra3+ 48. Kf4 Ra2 49. Rf6 Rxf2+ 50. Ke3 Ra2 51. Nxg6+ Bxg6 52. Rxg6 Ra1 53. Rxh6+ Kg7 54. Rh5 Kg6 55. Rg5+ Kh6 56. Kf4 Rd1 57. Re5 Rxd4+ 58. Kg3 Rd3+ 59. Kf4 Rd4+ 60. Kg3 Rd3+ 61. Kg4 Rd4+ 62. Kf3 Rxh4 63. Rxe6+ Kg5 64. Rd6 d4 65. Rd5+ Kf6 66. Ke2 Ke6 67. Rd8 Re4+ 68. Kd3 Re1 69. Re8+ Kd5 70. Rxe1 Kc5 71. Re4 Kd5 72. Rxd4+ Kc5 73. Kc3 Kb5 74. Rd5+ Kc6 75. Kc4 Kb6 76. Rd6+ Kc7 77. Kc5 Kb7 78. Rd7+ Kb8 79. Kb6 Kc8 80. Rd6 Kb8 81. Rd8# 1-0


[Site "https://www.chess.com"]

[Event "Titled Tuesday Blitz November 22 Late 2022"]
[White "Maksimovic, Bojan"]
[Black "Pranav, V"]
[WhiteFideId "14408120"]
[BlackFideId "25060783"]
[WhiteElo "2447"]
[BlackElo "2430"]
[Result "0-1"]
[Round "09"]
[TimeControl "180+1"]
[Date "2022.11.22"]
[WhiteClock "0:00:02"]
[BlackClock "0:00:33"]

1. e4 e5 2. Nf3 Nc6 3. c3 Nf6 4. d4 exd4 5. e5 Ne4 6. cxd4 d5 7. Nc3 Bb4 8. Bd2 O-O 9. a3 Ba5 10. Bd3 Nxd2 11. Qxd2 Bg4 12. Ng5 h6 13. h3 Bh5 14. g4 Qxg5 15. Qxg5 hxg5 16. gxh5 Nxd4 17. b4 Bb6 18. Nxd5 Rfe8 19. O-O-O Rxe5 20. Nc3 Ne6 21. Bc4 c6 22. Rd7 Rb8 23. f3 Re3 24. Ne4 Rxa3 25. Kb2 Rxf3 26. Bxe6 fxe6 27. Nxg5 Rf2+ 28. Kc3 Rd8 29. Rhd1 Re8 30. Rxb7 Rg2 31. h4 Rg3+ 32. Kb2 Rg4 33. Rdd7 Bd4+ 34. Kc2 Bf6 35. h6 gxh6 36. Nf7 Rxh4 37. Nd6 Rf8 38. Rxa7 Bd4 39. Rab7 Rf2+ 40. Kd3 Rf3+ 41. Ke2 Re3+ 42. Kf2 Rh2+ 43. Kg1 Ree2+ 44. Kf1 Rhf2+ 45. Kg1 Re1# 0-1


[Site "https://www.chess.com"]

[Event "Titled Tuesday Blitz November 22 Late 2022"]
[White "Martinez Alcantara, Jose Eduardo"]
[Black "Rasulov, Vugar"]
[WhiteFideId "3805662"]
[BlackFideId "13402390"]
[WhiteElo "2705"]
[BlackElo "2509"]
[Result "0-1"]
[Round "09"]
[TimeControl "180+1"]
[Date "2022.11.22"]
[WhiteClock "0:00:01"]
[BlackClock "0:00:18"]

1. e4 e5 2. Nf3 Nc6 3. Bb5 Nf6 4. Qe2 d6 5. c3 g6 6. d3 Bg7 7. h3 O-O 8. Be3 Bd7 9. Nbd2 Nd4 10. cxd4 Bxb5 11. a4 Ba6 12. O-O exd4 13. Bxd4 c5 14. Bc3 Re8 15. Rfe1 d5 16. Bxf6 Qxf6 17. e5 Qf5 18. Ra3 Re7 19. Qe3 Rc8 20. d4 cxd4 21. Qxd4 Qc2 22. a5 Bf8 23. Raa1 Rec7 24. Qf4 Qxb2 25. Nd4 Rc1 26. Raxc1 Rxc1 27. Rxc1 Qxc1+ 28. Kh2 Qc7 29. N2f3 Bd3 30. g3 h6 31. Qe3 Be4 32. e6 Bg7 33. exf7+ Qxf7 34. Nd2 Qf6 35. N4b3 b6 36. axb6 Qxb6 37. Qf4 g5 38. Qe3 Qxe3 39. fxe3 Bc3 40. Nxe4 dxe4 41. Nc5 a5 42. Nxe4 Bb4 43. Nf6+ Kf7 44. Nd5 Ke6 45. Nb6 Kd6 46. e4 Kc6 47. Na4 Kb5 48. Nb2 Bc3 49. Nd3 a4 50. e5 Bxe5 51. Nxe5 a3 52. Nf3 a2 53. Nd4+ Kc4 54. Nc2 Kc3 55. Na1 Kb2 56. h4 Kxa1 57. hxg5 hxg5 58. Kh3 Kb1 59. Kg4 a1=Q 60. Kxg5 Kc2 61. Kf4 Kd3 62. g4 Qf6+ 63. Kg3 Ke3 64. g5 Qxg5+ 65. Kh2 Kf3 66. Kh1 Qg2# 0-1


[Site "https://www.chess.com"]

[Event "Titled Tuesday Blitz November 22 Late 2022"]
[White "Mesa Cruz, Juan Carlos"]
[Black "Gundam, Rohit"]
[WhiteFideId "6423400"]
[BlackFideId "75002809"]
[WhiteElo "2059"]
[BlackElo "2402"]
[Result "1-0"]
[Round "09"]
[TimeControl "180+1"]
[Date "2022.11.23"]
[WhiteClock "0:00:06"]
[BlackClock "0:00:08"]

1. e4 e5 2. Nf3 Nc6 3. Bc4 Bc5 4. c3 Nf6 5. d3 d6 6. a4 a6 7. O-O h6 8. Nbd2 O-O 9. Re1 Ng4 10. Re2 Be6 11. Bxe6 fxe6 12. Nf1 Qd7 13. h3 Nf6 14. Ng3 Qf7 15. b4 Bb6 16. Qb3 Rae8 17. Be3 Bxe3 18. fxe3 Nh5 19. Nxh5 Qxh5 20. b5 axb5 21. axb5 Nd8 22. Rf2 Nf7 23. Raf1 Ng5 24. Nh2 Rxf2 25. Rxf2 Rf8 26. Rxf8+ Kxf8 27. b6 c6 28. Qa3 Qd1+ 29. Nf1 Qxd3 30. Qa8+ Kf7 31. Qxb7+ Kg6 32. Qc8 Nxe4 33. b7 Qe2 34. Qe8+ Kh7 35. b8=Q Qf2+ 36. Kh2 Qxf1 37. Qg8+ Kg6 38. Qbe8+ Kf5 39. Qgxe6+ Kg5 40. Q8g6+ Kh4 41. Qeg4# 1-0


[Site "https://www.chess.com"]

[Event "Titled Tuesday Blitz November 22 Late 2022"]
[White "Mikhalsky, Vladimir"]
[Black "Romanchuk, Viktor"]
[WhiteFideId "14144352"]
[BlackFideId "14109271"]
[WhiteElo "2271"]
[BlackElo "2242"]
[Result "1-0"]
[Round "09"]
[TimeControl "180+1"]
[Date "2022.11.23"]
[WhiteClock "0:00:16"]
[BlackClock "0:00:37"]

1. c4 c6 2. g3 d5 3. Bg2 Nf6 4. Nf3 Bg4 5. O-O e6 6. b3 Nbd7 7. Bb2 Bc5 8. d4 Bd6 9. Ne5 Bf5 10. Nd2 Qe7 11. f4 Ba3 12. Qc1 Bxb2 13. Qxb2 O-O 14. c5 Nxe5 15. fxe5 Nd7 16. e4 Bg6 17. exd5 exd5 18. Bh3 f6 19. e6 Nb8 20. b4 b6 21. Nb3 Na6 22. Qc3 bxc5 23. Nxc5 Nxc5 24. Qxc5 Qxc5 25. dxc5 Be4 26. a4 Rab8 27. b5 cxb5 28. axb5 Rxb5 29. e7 Rfb8 30. Bd7 Rb2 31. Rf2 Rxf2 32. Kxf2 Bg6 33. c6 Kf7 34. c7 Rb2+ 35. Ke3 Kxe7 36. c8=Q 1-0


[Site "https://www.chess.com"]

[Event "Titled Tuesday Blitz November 22 Late 2022"]
[White "Milchev, Nikolay"]
[Black "Todev, Simeon"]
[WhiteFideId "2906090"]
[BlackFideId "2925133"]
[WhiteElo "2449"]
[BlackElo "1938"]
[Result "0-1"]
[Round "09"]
[TimeControl "180+1"]
[Date "2022.11.23"]
[WhiteClock "0:02:12"]
[BlackClock "0:00:54"]

1. Nf3 d5 2. c4 d4 3. e3 c5 4. b4 dxe3 5. fxe3 cxb4 6. d4 e5 7. Nxe5 Qh4+ 8. Ke2 Nc6 9. Nf3 Qh5 10. a3 Nf6 11. axb4 Bxb4 12. d5 O-O 13. dxc6 Be6 14. Qb3 Qc5 15. cxb7 Bxc4+ 16. Qxc4 Qxc4+ 17. Kf2 Qc2+ 18. Bd2 Rad8 19. Kg1 Ne4 0-1


[Site "https://www.chess.com"]

[Event "Titled Tuesday Blitz November 22 Late 2022"]
[White "Novikova, Galina"]
[Black "Goroshkov, Maksym"]
[WhiteFideId "4157095"]
[BlackFideId "14142716"]
[WhiteElo "1973"]
[BlackElo "2257"]
[Result "0-1"]
[Round "09"]
[TimeControl "180+1"]
[Date "2022.11.23"]
[WhiteClock "0:00:01"]
[BlackClock "0:01:01"]

1. e4 e5 2. Nf3 d6 3. d4 Bg4 4. dxe5 Nd7 5. exd6 Bxd6 6. Be2 Ngf6 7. Nc3 Qe7 8. O-O O-O-O 9. Qd4 Bc5 10. Qa4 Nb6 11. Qxa7 Nxe4 12. Nxe4 Qxe4 13. Bd3 Qd5 14. Nd2 Rhe8 15. a4 Be2 16. Bxe2 Rxe2 17. a5 Nc4 18. Qa8+ Kd7 19. Qxd8+ Kxd8 20. Nf3 Kc8 21. Bf4 Bd6 22. Bxd6 Nxd6 23. a6 bxa6 24. Rxa6 Rxc2 25. h3 Rxb2 26. Rfa1 f6 27. R6a5 Rb1+ 28. Rxb1 Qxa5 29. Nd4 Qa2 30. Rd1 Qa4 31. Rd2 Ne4 32. Rd3 Qc4 0-1


[Site "https://www.chess.com"]

[Event "Titled Tuesday Blitz November 22 Late 2022"]
[White "Oparin, Grigoriy"]
[Black "Bobkov, Vadim"]
[WhiteFideId "24125890"]
[BlackFideId "34110876"]
[WhiteElo "2639"]
[BlackElo "2172"]
[Result "1/2-1/2"]
[Round "09"]
[TimeControl "180+1"]
[Date "2022.11.22"]
[WhiteClock "0:00:06"]
[BlackClock "0:00:04"]

1. Nf3 d5 2. g3 c5 3. Bg2 Nc6 4. d4 Nf6 5. O-O Bg4 6. dxc5 e6 7. c3 Bxc5 8. b4 Bb6 9. Bb2 Rc8 10. Nbd2 O-O 11. a3 Ne4 12. c4 Bxf3 13. Nxf3 dxc4 14. Qc2 c3 15. Bxc3 Nxc3 16. Qxc3 Nd4 17. Qd3 Rc3 18. Qe4 f5 19. Qxb7 Nxe2+ 20. Kh1 Qf6 21. Rae1 Nd4 22. Ne5 Rd8 23. Nd7 Qe7 24. Nxb6 Qxb7 25. Bxb7 axb6 26. a4 Kf7 27. a5 bxa5 28. bxa5 Nb3 29. a6 Nc5 30. Rc1 Rxc1 31. Rxc1 Nxb7 32. axb7 Rb8 33. Rc7+ Kf6 34. h4 h6 35. h5 g6 36. Kg2 gxh5 37. Kh3 Kg5 38. f4+ Kf6 39. Kh4 e5 40. Kxh5 e4 41. Rd7 Ke6 42. Rc7 Kd6 43. Rf7 Ke6 44. Rh7 e3 45. Rxh6+ Kd5 46. Rh7 Ke4 47. Re7+ Kf3 48. Kg5 e2 49. Kxf5 Rxb7 50. Rxb7 e1=Q 51. Rg7 Qe4+ 52. Kf6 Qd4+ 53. Kf7 Ke4 54. Rg5 Qd7+ 55. Kg6 Kf3 56. Kh6 Qe6+ 57. Kg7 Qe7+ 58. Kg6 Qe6+ 59. Kh7 Qf7+ 60. Kh6 Qf6+ 61. Kh7 Ke4 62. Re5+ Kf3 63. Rg5 Kg2 64. Kg8 Kh3 65. Kh7 Kh2 66. Kg8 Kg2 67. Kh7 Qf7+ 68. Kh6 Kf3 69. Rg6 Qf8+ 70. Kh7 Qf5 71. Kh6 Qf7 72. Rg5 Qe7 73. Kg6 Qe6+ 74. Kh7 Qf7+ 75. Kh6 1/2-1/2


[Site "https://www.chess.com"]

[Event "Titled Tuesday Blitz November 22 Late 2022"]
[White "Paiva, Henrique M A Albergaria"]
[Black "Ferreira, Vitor Hugo Vieira"]
[WhiteFideId "1920995"]
[BlackFideId "2119765"]
[WhiteElo "1953"]
[BlackElo "2168"]
[Result "0-1"]
[Round "09"]
[TimeControl "180+1"]
[Date "2022.11.23"]
[WhiteClock "0:00:24"]
[BlackClock "0:00:53"]

1. e4 c6 2. d4 d5 3. e5 Bf5 4. h4 h6 5. Bd3 Bxd3 6. Qxd3 e6 7. Nf3 Qa5+ 8. Nbd2 Qa6 9. c4 Bb4 10. b3 Nd7 11. O-O Ne7 12. a3 Ba5 13. b4 Bc7 14. Bb2 dxc4 15. Nxc4 Nb6 16. Rac1 Nxc4 17. Rxc4 Nd5 18. g3 Nb6 19. Rc3 Qxd3 20. Rxd3 Nc4 21. Bc1 a5 22. Nd2 Nb6 23. bxa5 Rxa5 24. Nb3 Ra7 25. Nc5 Ke7 26. Bd2 Nd5 27. Rb1 b5 28. Rc1 Ba5 29. Ne4 Bxd2 30. Nxd2 Kd7 31. Ne4 Rha8 32. Nd6 f5 33. g4 g6 34. gxf5 exf5 35. Rg3 Nf4 36. Kf1 Rxa3 37. h5 Rxg3 38. fxg3 Nxh5 39. Kg2 Ra2+ 0-1


[Site "https://www.chess.com"]

[Event "Titled Tuesday Blitz November 22 Late 2022"]
[White "Pakleza, Zbigniew"]
[Black "Nasuta, Grzegorz"]
[WhiteFideId "1119290"]
[BlackFideId "1141686"]
[WhiteElo "2411"]
[BlackElo "2440"]
[Result "0-1"]
[Round "09"]
[TimeControl "180+1"]
[Date "2022.11.22"]
[WhiteClock "0:00:01"]
[BlackClock "0:00:05"]

1. d4 d5 2. Bf4 c5 3. e3 Nc6 4. c3 Bf5 5. Nd2 e6 6. Ngf3 Qb6 7. Nh4 Be4 8. Qb3 Be7 9. Nhf3 Bxf3 10. Nxf3 c4 11. Qc2 f5 12. b3 cxb3 13. Qxb3 Nf6 14. Qxb6 axb6 15. Bb5 Ne4 16. c4 Bb4+ 17. Kf1 Bc3 18. cxd5 exd5 19. Rc1 Rxa2 20. Bg3 O-O 21. Bd3 Bb4 22. Bc2 Ba3 23. Bb3 Rxf2+ 24. Bxf2 Bxc1 25. Bxd5+ Kh8 26. Ke2 Nc3+ 27. Kd3 Nxd5 28. Rxc1 Ra8 29. Bg1 Kg8 30. h3 Kf7 31. Ke2 Ra2+ 32. Kf1 Ke6 33. Re1 Nc3 34. Ng5+ Kd5 35. Nxh7 b5 36. Bh2 b4 37. Ng5 b3 0-1


[Site "https://www.chess.com"]